 Dungeon Crawl Stone Soup version 0.19-a0-1254-gb9c29c0 (webtiles) character file.

1364 poirepourri the Ducker (level 8, -2/56 HPs)
             Began as a Demonspawn Gladiator on Aug 27, 2016.
             Was an Initiate of Hepliaklqana.
             Slain by a big kobold
             ... wielding a +0 short sword
              (6 damage)
             ... on level 5 of the Dungeon.
             The game lasted 00:12:02 (7667 turns).

poirepourri the Ducker (Demonspawn Gladiator)       Turns: 7667, Time: 00:12:03

Health: -2/56      AC:  6    Str: 18    XL:     8   Next: 38%
Magic:  0/8        EV: 16    Int: 11    God:    Hepliaklqana [......]
Gold:   287        SH:  0    Dex: 14    Spells: 0 memorised, 7 levels left

rFire  . . .     SeeInvis .     a - +0 quarterstaff
rCold  . . .     Gourm    .     b - +0 leather armour
rNeg   . . .     Faith    .     (shield currently unavailable)
rPois  .         Spirit   +     c - +2 helmet
rElec  .         Dismiss  .     (no cloak)
rCorr  .         Reflect  .     (no gloves)
MR     .....     Harm     .     (no boots)
Stlth  +.........               (no amulet)
                                (no ring)
                                (no ring)

@: no status effects
A: claws 1, powered by pain 1, strong 1, magic shield, magic regeneration,
sturdy frame 2
a: Recall Ancestor, Ancestor Identity, Renounce Religion


You were on level 5 of the Dungeon.
You worshipped Hepliaklqana.
Hepliaklqana was noncommittal.
You were hungry.

You visited 2 branches of the dungeon, and saw 6 of its levels.
You also visited: Sewer.

You collected 287 gold pieces.

Inventory:

Hand Weapons
 a - a +0 quarterstaff (weapon)
Missiles
 i - 136 stones (quivered)
Armour
 b - a +0 leather armour (worn)
 c - a +2 helmet (worn)
 j - a +0 scale mail
 l - a +2 buckler
Jewellery
 h - an uncursed ring of protection from cold {unknown}
Scrolls
 e - 3 scrolls of magic mapping
 f - a scroll of identify
 k - a scroll of blinking {unknown}
 m - a scroll of noise {unknown}
 n - a scroll of teleportation {unknown}
Potions
 g - a potion of agility {unknown}
Comestibles
 d - a bread ration


   Skills:
 + Level 5.4 Fighting
 + Level 5.6 Staves
 + Level 2.2 Throwing
 - Level 1.5 Armour
 + Level 6.6 Dodging


You had 7 spell levels left.
You didn't know any spells.

Dungeon Overview and Level Annotations

Branches:
Dungeon (5/15)             Temple (1/1) D:5

Altars:
Ashenzari
Cheibriados
Dithmenos
Elyvilon
Fedhas
Gozag
Hepliaklqana
Kikubaaqudgha
Makhleb
Nemelex Xobeh
Okawaru
Qazlal
Ru
Sif Muna
Trog
Uskayaw
Vehumet
Xom
Yredelemnul
Zin
The Shining One


Innate Abilities, Weirdness & Mutations

You have sharp fingernails.
You sometimes gain a little power by taking damage.
When hurt, damage is shared between your health and your magic reserves.
You regenerate magic rapidly.
Your movements are less encumbered by armour. (ER -4)
Your muscles are strong. (Str +2)


Message History

The big kobold is moderately wounded.
The big kobold hits you with an uncursed short sword!
* * * LOW HITPOINT WARNING * * *
You hit the big kobold.
The big kobold is moderately wounded.
The big kobold hits you with an uncursed short sword.
* * * LOW HITPOINT WARNING * * *
You closely miss the big kobold.
The big kobold is moderately wounded.
The big kobold hits you with an uncursed short sword.
* * * LOW HITPOINT WARNING * * *
You hit the big kobold.
The big kobold is heavily wounded.
The big kobold hits you with an uncursed short sword.
* * * LOW HITPOINT WARNING * * *
You barely miss the big kobold.
The big kobold is heavily wounded.
You float gracefully downwards.
The big kobold hits you with an uncursed short sword!
You die...

#.# #....#...###.#####.#
##.#####).....#.#.#.....#
#..#...#....#.#.).#.##......#
#.##.#.#.(.....))....#.##.#...
#.##......)>#.#......#.# .# #
#.####.#........<..#.#.# .
#.####.#(........#.#.#.# ##
###....).##...######.#.#.#
)..............K@R...#....
####..###################
...........)...†.........
...)).K..................
≈≈≈.)...≈.≈≈≈≈≈≈≈....≈≈..
≈≈≈....≈≈≈≈≈≈≈≈≈≈≈≈≈≈≈≈≈≈
≈≈≈....≈≈≈≈≈≈≈≈≈≈≈≈≈≈≈≈≈≈
≈≈......≈≈≈≈≈≈≈≈≈≈≈≈≈≈≈≈≈
####''###################
#######


You could see the friendly Ur-Dumizida the ancestor and a big kobold.

Vanquished Creatures
  A sky beast (D:5)
  An ogre (D:5)
  3 centaurs (D:5)
  2 big kobolds (D:5)
  2 giant frogs (Sewer)
  A scorpion (D:4)
  A howler monkey (D:5)
  3 hounds (D:4)
  A centaur skeleton (D:4)
  3 orc wizards
  4 worker ants
  3 gnolls (D:5)
  A howler monkey skeleton (D:5)
  6 adders
  5 oozes
  An adder zombie (D:1)
  2 worms
  7 dart slugs
  6 giant geckos
  8 orcs
  A bat zombie (D:1)
  10 giant cockroaches
  18 goblins
  17 hobgoblins
  4 jackals (D:1)
  8 kobolds
  6 ball pythons
  9 bats
  5 giant newts
  10 rats
149 creatures vanquished.

Vanquished Creatures (collateral kills)
  A gnoll (D:5)
  5 goblins (D:5)
  6 hobgoblins (D:5)
12 creatures vanquished.

Vanquished Creatures (others)
  An ancestor (D:5)
  A goblin (D:3)
2 creatures vanquished.

Grand Total: 163 creatures vanquished

Notes
Turn   | Place    | Note
-------+----------+-------------------------------------------
     0 | D:1      | poirepourri the Demonspawn Gladiator began the quest for the Orb.
     0 | D:1      | Reached XP level 1. HP: 16/16 MP: 1/1
    66 | D:1      | Gained mutation: Your movements are slightly less encumbered by armour. (ER -2) [demonic ancestry]
    66 | D:1      | Reached XP level 2. HP: 22/22 MP: 2/2
   131 | D:1      | Reached skill level 3 in Dodging
   523 | D:1      | Gained mutation: You sometimes gain a little power by taking damage. [demonic ancestry]
   523 | D:1      | Reached XP level 3. HP: 26/27 MP: 3/3
  1502 | D:2      | Reached skill level 1 in Armour
  1731 | D:2      | Gained mutation: You have sharp fingernails. [demonic ancestry]
  1731 | D:2      | Reached XP level 4. HP: 33/33 MP: 4/4
  2946 | D:3      | Gained mutation: When hurt, damage is shared between your health and your magic reserves. [demonic ancestry]
  2946 | D:3      | Reached XP level 5. HP: 17/39 MP: 5/5
  3395 | D:4      | Reached skill level 4 in Dodging
  3976 | D:4      | Reached XP level 6. HP: 33/47 MP: 1/6
  4646 | D:4      | Found an iron altar of Okawaru.
  4762 | D:4      | Reached skill level 5 in Dodging
  4816 | D:5      | Entered Level 5 of the Dungeon
  4885 | D:5      | Found a glowing drain.
  4913 | D:5      | Gained mutation: Your movements are less encumbered by armour. (ER -4) [demonic ancestry]
  4913 | D:5      | Reached XP level 7. HP: 41/53 MP: 7/7
  4992 | D:5      | Gained mutation: Your muscles are strong. (Str +2) [potion of beneficial mutation]
  5090 | Sewer    | Entered a sewer
  6226 | D:5      | Found a staircase to the Ecumenical Temple.
  6243 | D:5      | Reached skill level 5 in Staves
  6510 | Temple   | Entered the Ecumenical Temple
  7095 | Temple   | Became a worshipper of Hepliaklqana
  7186 | D:5      | Reached skill level 6 in Dodging
  7318 | D:5      | Reached skill level 5 in Fighting
  7319 | D:5      | Gained mutation: You regenerate magic rapidly. [demonic ancestry]
  7319 | D:5      | Reached XP level 8. HP: 50/55 MP: 6/8
  7667 | D:5      | Slain by a big kobold

Vault maps used:
D:1:      saegor_arrival_fortress
D:3:      first_bread
D:4:      minmay_crystal_room, okawaru_metal_pillars_1_2
D:5:      minmay_goblin_kobold_castle, basic_altar, gup_sewer_entry_glass,
          kennysheep_generic_room_13
Temple:   minmay_crystal_snake_temple
Sewer:    sewer_frog_island_01

Skill      XL: |  1  2  3  4  5  6  7 |
---------------+----------------------+-----
Staves         | 3 4 5 |  5.6
Dodging        | 3 4 5 6 |  6.6
Armour         | 1 |  1.5
Fighting       | 3 5 |  5.4
Throwing       | 2 |  2.2

Action                   |  1- 3 |  4- 6 |  7- 9 || total
-------------------------+-------+-------+-------++-------
Melee: Quarterstaff      |   116 |   246 |   217 ||   579
Throw: Throwing net      |     4 |    11 |       ||    15
       Stone             |       |       |    19 ||    19
  Use: Potion            |       |     4 |     2 ||     6
       Scroll            |       |     7 |     4 ||    11
  Eat: Bread ration      |     1 |       |       ||     1
       Fruit             |       |     2 |     3 ||     5
       Pizza             |       |     1 |       ||     1
       Beef jerky        |       |     1 |       ||     1
       Meat ration       |       |     1 |     1 ||     2
Armor: Leather armour    |    28 |    78 |    70 ||   176
       Skin              |       |     2 |       ||     2
Dodge: Dodged            |    71 |   230 |   231 ||   532
